 Dungeon Crawl Stone Soup version 0.23-a0-558-g30802b1 (webtiles) character file.

7117 galech the Cleaver (level 10, -3/80 HPs)
             Began as a Demonspawn Fighter on Dec 11, 2018.
             Was a High Priest of Okawaru.
             Slain by a white ugly thing (21 damage)
             ... on level 10 of the Dungeon.
             The game lasted 00:14:53 (9420 turns).

galech the Cleaver (Demonspawn Fighter)             Turns: 9420, Time: 00:14:54

Health: -3/80      AC: 14    Str: 19    XL:     10   Next: 85%
Magic:  10/10      EV: 15    Int: 12    God:    Okawaru [*****.]
Gold:   257        SH: 15    Dex: 24    Spells: 9/9 levels left

rFire    . . .     SeeInvis .   a - +0 war axe
rCold    . . .     Gourm    .   c - +0 shield
rNeg     + . .     Faith    .   y - +1 ring mail of Zin's Brutal Revenge {MR+ Dex+5}
rPois    .         Spirit   .   C - +0 helmet of Virtue {rN+ Int+2 Dex+3}
rElec    .         Reflect  +   s - +2 cloak {MR+}
rCorr    .         Harm     .   (no gloves)
MR       ++...                  (no boots)
Stlth    +.........             N - +3 amulet of reflection
HPRegen  0.23/turn              l - +3 ring of strength
MPRegen  0.12/turn              d - +3 ring of protection

@: no status effects
A: hooves 2, repulsion field 1
a: Heroism, Finesse, Renounce Religion


You were on level 10 of the Dungeon.
You worshipped Okawaru.
Okawaru was extremely pleased with you.
You were not hungry.

You visited 2 branches of the dungeon, and saw 11 of its levels.

You collected 551 gold pieces.
You spent 294 gold pieces at shops.

Inventory:

Hand Weapons
 a - a +0 war axe (weapon)
Armour
 b - a +0 scale mail
 c - a +0 shield (worn)
 s - a +2 cloak of magic resistance (worn)
 y - the +1 ring mail of Zin's Brutal Revenge (worn) {MR+ Dex+5}
   (You found it on level 5 of the Dungeon)

   It affects your dexterity (+5).
   It affects your resistance to hostile enchantments.
 C - the +0 helmet of Virtue (worn) {rN+ Int+2 Dex+3}
   (You bought it in a shop on level 6 of the Dungeon)

   It affects your intelligence (+2).
   It affects your dexterity (+3).
   It protects you from negative energy.
 H - a +0 troll leather armour
 J - a +4 chain mail
Jewellery
 d - a +3 ring of protection (right hand)
 l - a +3 ring of strength (left hand)
 p - an uncursed ring of protection from cold
 z - a +1 ring of protection
 B - an uncursed ring of poison resistance
 I - the amulet "Cucab" {RegenMP Int+3}
   (You found it on level 10 of the Dungeon)

   [amulet of magic regeneration]

   It increases your magic regeneration.
   It affects your intelligence (+3).
 N - a +3 amulet of reflection (around neck)
Wands
 e - a wand of random effects (15)
 F - a wand of polymorph (11)
 O - a wand of flame (18)
Scrolls
 i - 2 scrolls of fog
 j - 2 scrolls of random uselessness
 n - 2 scrolls of amnesia
 o - 4 scrolls of blinking
 t - a scroll of summoning {unknown}
 v - 6 scrolls of remove curse
 x - 3 scrolls of magic mapping
 A - 2 scrolls of enchant armour
 D - a scroll of immolation {unknown}
 E - a scroll of teleportation
 G - a scroll of noise
 K - a scroll of fear {unknown}
 L - a scroll of identify
Potions
 g - 3 potions of heal wounds {unknown}
 h - a potion of haste
 k - 2 potions of degeneration {unknown}
 m - a potion of magic {unknown}
 q - a potion of flight
 r - 4 potions of lignification {unknown}
 u - 5 potions of curing
 w - a potion of ambrosia
Comestibles
 f - 20 rations
 M - 3 chunks of flesh


   Skills:
 + Level 7.6 Fighting
 + Level 10.5 Axes
 + Level 5.4 Armour
 + Level 4.5 Dodging
 + Level 1.2 Stealth
 + Level 6.9 Shields
 + Level 0.7 Invocations


You had 9 spell levels left.
You didn't know any spells.
Your spell library contained the following spells:

 Spells                   Type           Power        Failure   Level  Hunger
 Confusing Touch          Hex            #.....       83%         1    ##.....
 Summon Small Mammal      Summ           #...         83%         1    ##.....
 Call Imp                 Summ           #.......     93%         2    ###....
 Call Canine Familiar     Summ           #.......     99%         3    ####...
 Confuse                  Hex            #.......     99%         3    ####...
 Gell's Gravitas          Tloc           #.........   99%         3    ####...
 Summon Guardian Golem    Hex/Summ       #.......     99%         3    ####...
 Petrify                  Tmut/Erth      #.......     100%        4    #####..
 Summon Ice Beast         Ice/Summ       #.......     100%        4    #####..
 Summon Lightning Spire   Summ/Air       #.......     100%        4    #####..
 Metabolic Englaciation   Hex/Ice        #.........   100%        5    ######.
 Yara's Violent Unravell  Hex/Tmut       #.........   100%        5    ######.


Dungeon Overview and Level Annotations

Branches:
Dungeon (10/15)            Temple (1/1) D:4            Lair (0/6) D:10
    Orc: D:9-12

Altars:
Cheibriados
Dithmenos
Fedhas
Gozag
Hepliaklqana
Kikubaaqudgha
Makhleb
Nemelex Xobeh
Okawaru
Qazlal
Trog
Uskayaw
Vehumet
Yredelemnul
Zin

Shops:
D:6 [   D:7 (


Innate Abilities, Weirdness & Mutations

You have hoof-like feet.
You are surrounded by a mild repulsion field. (EV +2)


Message History

You slash the white ugly thing! You kick the white ugly thing.
The white ugly thing is moderately wounded.
The white ugly thing trunk-slaps you. The white ugly thing freezes you!!
* * * LOW HITPOINT WARNING * * *
You are too injured to fight recklessly!
You are too injured to fight recklessly!
You are too injured to fight recklessly!
You are too injured to fight recklessly!
You are too injured to fight recklessly!
You are too injured to fight recklessly!
You are too injured to fight recklessly!
You are too injured to fight recklessly!
You are too injured to fight recklessly!
You are too injured to fight recklessly!
You are too injured to fight recklessly!
You are too injured to fight recklessly!
The white ugly thing trunk-slaps you.
* * * LOW HITPOINT WARNING * * *
The white ugly thing freezes you!!
You die...

######## #......#
#......#########
#......#.......#
#......#.....(.#
#......#.......#
##......#.......#########
....†...'................
##......#.......@u.......
#......#######..#...###.
############# #..#.......
.......#....# #..#.......
######.#....# ########..[
###.#...(# #.....# ..
####........# #.....# #
.....##.....# ###'#####
.....##.....# #....÷#.##


You could see a white ugly thing.

Vanquished Creatures
  A two-headed ogre (D:8)
  2 trolls
  Grinder (D:5)
  A hornet (D:8)
  3 hippogriffs
  Prince Ribbit (D:6)
  A human (D:10)
  4 hogs (D:10)
  A hungry ghost (D:9)
  2 ice beasts
  3 orc warriors
  A sky beast (D:6)
  A black bear (D:8)
  2 necrophages
  3 phantoms
  5 ogres
  2 wolves (D:10)
  2 centaurs
  4 bullfrogs
  An electric eel (D:10)
  5 wights
  A howler monkey (D:6)
  5 crimson imps
  7 orc priests
  7 hounds
  2 bullfrog skeletons
  Crazy Yiuf (D:2)
  A bullfrog zombie (D:10)
  14 orc wizards
  2 centaur skeletons
  3 iguanas
  10 worker ants
  4 gnolls
  A howler monkey skeleton (D:5)
  11 adders
  2 shadow imps
  3 oozes
  4 adder skeletons
  An adder zombie (D:9)
  4 worms
  2 dart slugs
  6 leopard geckos
  30 orcs
  2 ball pythons
  6 bats
  3 giant cockroaches
  4 goblins
  3 hobgoblins
  10 jackals
  6 kobolds
  3 quokkas
  8 frilled lizards
  A leopard gecko skeleton (D:4)
  A quokka skeleton (D:7)
  A quokka zombie (D:7)
  7 rats
222 creatures vanquished.

Notes
Turn   | Place    | Note
-------+----------+-------------------------------------------
     0 | D:1      | galech the Demonspawn Fighter began the quest for the Orb.
     0 | D:1      | Reached XP level 1. HP: 18/18 MP: 1/1
   126 | D:1      | Gained mutation: You have large cloven feet. [demonic
                  | ancestry]
   126 | D:1      | Reached XP level 2. HP: 21/24 MP: 2/2
   522 | D:2      | Reached skill level 2 in Axes
   534 | D:2      | Reached XP level 3. HP: 24/29 MP: 3/3
  1125 | D:2      | Found a basalt altar of Yredelemnul.
  1154 | D:2      | Reached skill level 1 in Dodging
  1196 | D:1      | Reached XP level 4. HP: 21/35 MP: 4/4
  1787 | D:2      | Found a runed door.
  2184 | D:3      | Reached skill level 3 in Axes
  2184 | D:3      | Reached XP level 5. HP: 38/41 MP: 5/5
  2771 | D:4      | Noticed an ogre
  2776 | D:4      | Killed an ogre
  2776 | D:4      | Reached XP level 6. HP: 48/48 MP: 6/6
  2853 | D:4      | Reached skill level 4 in Axes
  3092 | D:4      | Found a staircase to the Ecumenical Temple.
  3103 | Temple   | Entered the Ecumenical Temple
  3138 | Temple   | Became a worshipper of Warmaster Okawaru
  3746 | D:2      | Noticed Crazy Yiuf
  3751 | D:2      | Killed Crazy Yiuf
  3854 | D:5      | Entered Level 5 of the Dungeon
  3920 | D:5      | Gained mutation: You are surrounded by a mild repulsion
                  | field. (EV +2) [demonic ancestry]
  3920 | D:5      | Reached XP level 7. HP: 44/53 MP: 7/7
  3921 | D:5      | Reached skill level 5 in Axes
  4011 | D:5      | Reached * piety under Okawaru
  4099 | D:5      | Noticed Grinder
  4115 | D:5      | Killed Grinder
  4447 | D:5      | Reached ** piety under Okawaru
  4447 | D:5      | Reached skill level 6 in Axes
  4447 | D:5      | Gained mutation: You have hoof-like feet. [demonic
                  | ancestry]
  4447 | D:5      | Reached XP level 8. HP: 57/61 MP: 8/8
  4596 | D:5      | Got a scorched ring mail
  4607 | D:5      | Identified the +1 ring mail of Zin's Brutal Revenge {MR+
                  | Dex+5} (You found it on level 5 of the Dungeon)
  5239 | D:6      | Reached skill level 7 in Axes
  5239 | D:6      | Reached skill level 5 in Shields
  5355 | D:6      | Found Locin's Antique Armour Emporium.
  5359 | D:6      | Bought a fine helmet for 294 gold pieces
  5369 | D:6      | Identified the cursed +0 helmet of Virtue {rN+ Int+2 Dex+3}
                  | (You bought it in a shop on level 6 of the Dungeon)
  5380 | D:6      | Noticed Prince Ribbit
  5398 | D:6      | Killed Prince Ribbit
  5398 | D:6      | Reached skill level 5 in Fighting
  5401 | D:6      | Reached *** piety under Okawaru
  5488 | D:6      | Reached XP level 9. HP: 59/68 MP: 9/9
  5898 | D:7      | Reached skill level 8 in Axes
  6164 | D:7      | Reached **** piety under Okawaru
  6306 | D:7      | Found Hooddaos's Weapon Shop.
  6470 | D:8      | Reached skill level 5 in Armour
  6858 | D:8      | Reached skill level 1 in Stealth
  7034 | D:8      | Noticed a two-headed ogre
  7049 | D:8      | Killed a two-headed ogre
  7049 | D:8      | Reached skill level 9 in Axes
  7049 | D:8      | Reached XP level 10. HP: 63/77 MP: 8/10
  7380 | D:8      | Found a burning altar of Makhleb.
  7942 | D:9      | Noticed a five-headed hydra
  8109 | D:9      | Reached ***** piety under Okawaru
  8257 | D:10     | Entered Level 10 of the Dungeon
  8300 | D:10     | Got an ancient iron amulet
  8301 | D:10     | Identified the amulet "Cucab" {RegenMP Int+3} (You found it
                  | on level 10 of the Dungeon)
  8506 | D:10     | Reached skill level 10 in Axes
  8880 | D:10     | Found a staircase to the Lair.
  9411 | D:10     | Noticed a white ugly thing
  9420 | D:10     | Slain by a white ugly thing

Vault maps used:
D:1:      lightli_molten_gateway, serial_rivers, chequers_serial_rivers_marsh,
          chequers_serial_rivers_marsh, chequers_serial_rivers_micro_b,
          chequers_serial_rivers_room_b, minmay_liquid_box
D:2:      yredelemnul_altar_generic, uniq_crazy_yiuf_cottage
D:3:      corexii_shack
D:4:      minmay_temple_entry_overgrown, first_ration
D:5:      uniq_grinder
D:6:      serial_shops, nicolae_shop_crystal, uniq_prince_ribbit1
D:7:      serial_shops, shop
D:8:      lightli_temple_of_fire
D:10:     erik_lair_island, grunt_livestock, eino_small_chamber_without_monster,
          skrybe_limestone_x
Temple:   nicolae_temple_the_god_donut

Skill      XL: |  1  2  3  4  5  6  7  8  9 10 |
---------------+-------------------------------+-----
Armour         | 3 4 5 |  5.4
Shields        | 3 4 5 6 |  6.9
Axes           | 2 3 4 6 7 9 10 | 10.5
Dodging        | 1 2 3 4 |  4.5
Fighting       | 4 5 6 7 |  7.6
Stealth        | 1 |  1.2
Invocations    | |  0.7

Action                   |  1- 3 |  4- 6 |  7- 9 | 10-12 || total
-------------------------+-------+-------+-------+-------++-------
Melee: War axe           |    80 |   175 |   318 |   209 ||   782
       Kick              |    15 |    47 |   146 |    85 ||   293
Invok: Heroism           |       |       |     2 |     2 ||     4
  Use: Scroll            |       |     3 |       |    11 ||    14
       Potion            |       |       |     1 |       ||     1
  Eat: Chunk             |     1 |     8 |    11 |    11 ||    31
Armor: Scale mail        |    48 |    79 |    36 |       ||   163
       Ring mail         |       |       |    73 |    51 ||   124
Dodge: Dodged            |    22 |    54 |   112 |   114 ||   302
Block: Shield            |    45 |    90 |   166 |   128 ||   429

Table legend:
 A = Non-vault XP
 B = Vault XP
 C = Vault XP percentage of total XP
 D = Non-vault monster count
 E = Vault monster count
 F = Vault count percentage of total count
                 A         B        C        D         E       F
            +---------+---------+-------+---------+---------+-------
      Total |    7901 |    2267 |  22.3 |     206 |      16 |   7.2
            +---------+---------+-------+---------+---------+-------
        D:1 |      75 |       0 |   0.0 |      17 |       0 |   0.0
        D:2 |      77 |      40 |  34.2 |      20 |       1 |   4.8
        D:3 |     144 |       1 |   0.7 |      29 |       1 |   3.3
        D:4 |     376 |       0 |   0.0 |      14 |       0 |   0.0
        D:5 |     801 |     295 |  26.9 |      23 |       1 |   4.2
        D:6 |    1212 |     264 |  17.9 |      22 |       1 |   4.3
        D:7 |     613 |       0 |   0.0 |      15 |       0 |   0.0
        D:8 |    2612 |       0 |   0.0 |      23 |       0 |   0.0
        D:9 |     951 |       0 |   0.0 |      18 |       0 |   0.0
       D:10 |    1040 |    1667 |  61.6 |      25 |      12 |  32.4
            +---------+---------+-------+---------+---------+-------
